[Event "Fagernes Chess GM-Swiss 2024"]
[Site "Fagernes"]
[Date "2024.03.27"]
[Round "5.44"]
[White "Havik, Victor"]
[Black "Stai, Sondre"]
[Result "1/2-1/2"]
[ECO "D92"]
[WhiteElo "2078"]
[BlackElo "1842"]
[Annotator "RC"]
[PlyCount "60"]
[EventDate "2024.03.25"]
[EventType "swiss"]
[EventCountry "NOR"]
[SourceTitle "playchess.com"]
[Source "ChessBase"]
[SourceQuality "1"]
[TimeControl "40/6000+30:2400+30"]

1. d4 Nf6 2. c4 g6 3. Nc3 d5 4. Nf3 Bg7 5. Bf4 O-O 6. Rc1 c5 7. dxc5 Qa5 8. cxd5 Rd8 9. Bd2 Qxc5 10. e4 e6 11. Bd3 exd5 12. Nxd5 Qd6 13. Bb4 Qe6 14. Ne7+ Kh8 15. Ng5 Qxa2 16. Ra1 Rxd3 17. Rxa2 Rxd1+ 18. Kxd1 Be6 19. Nxe6 fxe6 20. f3 Nbd7 21. Ke2 Bf8 22. Rc1 Re8 23. e5 Nxe5 24. Rc7 Ned7 25. Bc3 Rxe7 26. Rxd7 Rxd7 27. Bxf6+ Bg7 28. Bxg7+ Kxg7 29. Rxa7 Kf6 30. Ra5 Rc7 1/2-1/2

[Event "Fagernes Chess GM-Swiss 2024"]
[Site "Fagernes"]
[Date "2024.03.27"]
[Round "5.45"]
[White "Zheng, Harry Z"]
[Black "Elsness, Fredrik Valstad"]
[Result "1-0"]
[ECO "B12"]
[WhiteElo "2077"]
[BlackElo "1873"]
[Annotator "RC"]
[PlyCount "93"]
[EventDate "2024.03.25"]
[EventType "swiss"]
[EventCountry "NOR"]
[SourceTitle "playchess.com"]
[Source "ChessBase"]
[SourceQuality "1"]
[TimeControl "40/6000+30:2400+30"]

1. e4 c6 2. d4 d5 3. e5 c5 4. dxc5 e6 5. a3 Bxc5 6. b4 Be7 7. Nf3 f6 8. Bb2 Nh6 9. Bd3 a5 10. b5 Nd7 11. Nbd2 Nf7 12. exf6 Bxf6 13. Bxf6 Qxf6 14. c4 Nc5 15. Bc2 b6 16. O-O O-O 17. cxd5 exd5 18. Nb3 Bg4 19. Nxc5 Bxf3 20. Nd7 Bxd1 21. Nxf6+ gxf6 22. Rfxd1 Rac8 23. Bb3 Rc3 24. Bxd5 Rc5 25. a4 Re8 26. Rac1 Rec8 27. Rxc5 Rxc5 28. f4 Kf8 29. Kf2 Nd6 30. g4 Nc4 31. Rc1 Nb2 32. Rxc5 Nd3+ 33. Ke3 Nxc5 34. Be4 Nxa4 35. Bxh7 Nc3 36. Bd3 Nd5+ 37. Ke4 Nb4 38. Bc4 a4 39. Kd4 a3 40. Kc3 a2 41. Kb2 Kg7 42. h4 a1=Q+ 43. Kxa1 Nc2+ 44. Kb2 Ne3 45. Be6 Ng2 46. f5 Nxh4 47. Kc3 1-0

[Event "Fagernes Chess GM-Swiss 2024"]
[Site "Fagernes"]
[Date "2024.03.27"]
[Round "5.46"]
[White "Kaewpitakkun, Pantham"]
[Black "Lilliehook, Victor"]
[Result "1-0"]
[ECO "B51"]
[WhiteElo "1989"]
[BlackElo "2060"]
[Annotator "RC"]
[PlyCount "123"]
[EventDate "2024.03.25"]
[EventType "swiss"]
[EventCountry "NOR"]
[SourceTitle "playchess.com"]
[Source "ChessBase"]
[SourceQuality "1"]
[TimeControl "40/6000+30:2400+30"]

1. e4 c5 2. Nf3 Nc6 3. Bb5 d6 4. O-O Bd7 5. Re1 Nf6 6. c3 a6 7. Bf1 Bg4 8. h3 Bxf3 9. Qxf3 g6 10. d3 Bg7 11. Nd2 O-O 12. Qd1 Nd7 13. Nf3 b5 14. d4 Qc7 15. Be3 Rfb8 16. Rc1 a5 17. Nd2 e5 18. dxc5 dxc5 19. a4 bxa4 20. Nc4 Bf8 21. Qxa4 Nb6 22. Qa2 Nxc4 23. Bxc4 a4 24. Bd5 Ra7 25. Rc2 Qd7 26. Rd2 Qe8 27. Bxc6 Qxc6 28. Rd5 Rab7 29. Bc1 Qe8 30. Red1 Kg7 31. Qc4 Rc7 32. f4 f6 33. Qd3 Rbb7 34. fxe5 fxe5 35. Qg3 Rd7 36. Rxd7+ Rxd7 37. Rxd7+ Qxd7 38. Qxe5+ Kf7 39. Qd5+ Qxd5 40. exd5 Kf6 41. Kf2 Ke5 42. c4 Kd4 43. Bf4 Be7 44. Bc7 Kxc4 45. d6 Bh4+ 46. g3 Bf6 47. d7 Kb3 48. d8=Q Bxd8 49. Bxd8 Kxb2 50. Ke3 a3 51. Kd3 a2 52. Kc4 a1=Q 53. Bf6+ Ka2 54. Bxa1 Kxa1 55. Kxc5 Kb2 56. Kd4 Kc2 57. Ke5 Kd3 58. Kf6 Ke4 59. g4 Kf4 60. g5 Kg3 61. Kg7 Kh4 62. Kh6 1-0

[Event "Fagernes Chess GM-Swiss 2024"]
[Site "Fagernes"]
[Date "2024.03.27"]
[Round "5.47"]
[White "Akshit Kumar J"]
[Black "Rynning, Rune Kleiven"]
[Result "1-0"]
[ECO "B32"]
[WhiteElo "2172"]
[BlackElo "1813"]
[Annotator "RC"]
[PlyCount "61"]
[EventDate "2024.03.25"]
[EventType "swiss"]
[EventCountry "NOR"]
[SourceTitle "playchess.com"]
[Source "ChessBase"]
[SourceQuality "1"]
[TimeControl "40/6000+30:2400+30"]

1. e4 c5 2. Nf3 Nc6 3. d4 cxd4 4. Nxd4 e5 5. Nb5 a6 6. Nd6+ Bxd6 7. Qxd6 Qf6 8. Qd1 Qg6 9. Nc3 d5 10. Nxd5 Qxe4+ 11. Be3 Nd4 12. Nc7+ Ke7 13. Rc1 Bg4 14. Qd3 Qxd3 15. Bxd3 Rd8 16. c4 Nf3+ 17. gxf3 Bxf3 18. Nd5+ Rxd5 19. cxd5 Bxh1 20. Rc7+ Kd6 21. Rxb7 Bxd5 22. Rb8 Kc7 23. Rf8 Bxa2 24. Bxa6 f6 25. b4 Bd5 26. b5 g5 27. Bc5 h5 28. b6+ Kd7 29. Bc8+ Kc6 30. b7 Kc7 31. Bd6+ 1-0

[Event "Fagernes Chess GM-Swiss 2024"]
[Site "Fagernes"]
[Date "2024.03.27"]
[Round "5.48"]
[White "Lien, Sebastian"]
[Black "Juodziukynas, Aidas"]
[Result "1-0"]
[ECO "D04"]
[WhiteElo "1885"]
[BlackElo "1893"]
[Annotator "NA RC"]
[PlyCount "113"]
[EventDate "2024.03.25"]
[EventType "swiss"]
[EventCountry "NOR"]
[SourceTitle "playchess.com"]
[Source "ChessBase"]
[SourceQuality "1"]
[TimeControl "40/6000+30:2400+30"]

1. d4 Nf6 2. Nf3 d5 3. e3 c5 4. b3 Nc6 5. Bd3 Bg4 6. Bb2 cxd4 7. exd4 e6 {[%emt 0:01:04] D04: Colle System.} 8. O-O Bd6 9. Re1 O-O 10. Nbd2 Qc7 11. h3 Bh5 12. a3 Rfe8 13. Be2 Rac8 14. c4 b6 15. Rc1 Qe7 16. c5 bxc5 17. dxc5 Bxc5 18. b4 Bd6 19. Bb5 Qb7 20. Qa4 Nxb4 21. axb4 Rxc1 22. Rxc1 Rb8 23. Bxf6 gxf6 24. Bd3 Qxb4 25. Qxa7 Qf4 26. Qe3 Qxe3 27. fxe3 Ra8 28. Kf2 Ra3 29. Ne1 Bb4 30. Rc2 Bd1 31. Rc1 Ba4 32. Ndf3 e5 33. Be2 e4 34. Nd4 Bd7 35. Rc7 Be6 36. Nec2 Rc3 37. Rxc3 Bxc3 38. Nb5 Be5 39. Ncd4 f5 40. Bd1 f4 41. Bb3 Kg7 42. Nc3 f3 43. Bxd5 Bc8 44. g4 h5 45. gxh5 Bxh3 46. Bxe4 Kh6 47. Bxf3 f5 48. Nce2 Kg5 49. Ne6+ Kh6 50. N6f4 Bg4 51. Bxg4 fxg4 52. Kg3 Kg5 53. Nd4 Bb8 54. Nde6+ Kh6 55. Kxg4 Ba7 56. e4 Bb8 57. Kf5 1-0

[Event "Fagernes Chess GM-Swiss 2024"]
[Site "Fagernes"]
[Date "2024.03.27"]
[Round "5.49"]
[White "Valcu, Lavinia"]
[Black "Bech, Havard Eriksen"]
[Result "1/2-1/2"]
[ECO "A01"]
[WhiteElo "2070"]
[BlackElo "1951"]
[Annotator "NA RC"]
[PlyCount "87"]
[EventDate "2024.03.25"]
[EventType "swiss"]
[EventCountry "NOR"]
[SourceTitle "playchess.com"]
[Source "ChessBase"]
[SourceQuality "1"]
[TimeControl "40/6000+30:2400+30"]

1. b3 e5 2. Bb2 Nc6 3. e3 d5 4. Bb5 Bd6 5. f4 Qh4+ 6. g3 Qe7 7. Nf3 Bg4 8. fxe5 Bxe5 9. Bxe5 Bxf3 10. Qxf3 Qxe5 11. O-O Nf6 12. Bxc6+ bxc6 13. Nc3 O-O 14. Qf5 Rfe8 15. Qxe5 Rxe5 16. Rf4 Ne4 17. d4 Nxc3 18. dxe5 Ne2+ 19. Kf2 Nxf4 20. exf4 c5 21. Ke3 a5 22. f5 Re8 23. Kf4 g5+ 24. Kxg5 Rxe5 25. Rd1 c6 26. Rd2 Kg7 27. g4 h6+ 28. Kh5 Re4 29. h4 a4 30. g5 hxg5 31. hxg5 axb3 32. f6+ Kf8 33. axb3 c4 34. bxc4 Rxc4 35. g6 fxg6+ 36. Kxg6 Rc3 37. Rh2 Rg3+ 38. Kf5 Rf3+ 39. Ke6 Re3+ 40. Kd6 Rc3 41. Ke6 Re3+ 42. Kd7 Rc3 43. Ke6 Re3+ 44. Kd6 1/2-1/2

[Event "Fagernes Chess GM-Swiss 2024"]
[Site "Fagernes"]
[Date "2024.03.28"]
[Round "6.1"]
[White "Jumabayev, Rinat"]
[Black "Ganguly, Surya Shekhar"]
[Result "1-0"]
[ECO "C54"]
[WhiteElo "2598"]
[BlackElo "2574"]
[Annotator "TA"]
[PlyCount "131"]
[EventDate "2024.03.25"]
[EventType "swiss"]
[EventCountry "NOR"]
[SourceTitle "playchess.com"]
[Source "ChessBase"]
[SourceQuality "1"]
[TimeControl "40/6000+30:2400+30"]

1. e4 e5 2. Nf3 Nc6 3. Bc4 Bc5 4. O-O Nf6 5. d3 d6 6. c3 a6 7. Bb3 Ba7 8. Re1 h6 9. Nbd2 O-O 10. h3 Re8 11. Nf1 Be6 12. Bc2 {[%emt 0:00:04] C54: Italienische Partie (Hauptvariante).} d5 13. exd5 Qxd5 14. Ng3 Rad8 15. Qe2 Qd7 16. Bd2 $5 {[%emt 0:36:02][%mdl 4] Verlässt die ausgetretenen Pfade.} Nd5 17. Qf1 Nf4 $146 ({Predecessor:} 17... Qd6 18. Nh4 Qe7 19. Nhf5 Qf6 20. d4 Bxf5 21. Nxf5 Nde7 22. dxe5 Nxe5 23. Nxe7+ Rxe7 {½-½ Costa,L (2320)-Schneider,J (2266) Rosenheim Millennium 2022 (2)}) 18. d4 Bd5 19. Bxf4 exf4 20. Qd3 g6 21. Ne4 Qf5 22. Nh4 Bxe4 23. Rxe4 Qxe4 24. Qxe4 Rxe4 25. Bxe4 Rd6 26. Nf3 Ne7 27. Re1 Kf8 28. Ne5 c6 29. Kf1 g5 30. Bc2 c5 31. Bb3 cxd4 32. Nxf7 Rf6 33. Nd8 dxc3 34. bxc3 b5 35. Ne6+ Ke8 36. Rd1 Bb6 $1 37. Rd6 Nc8 38. Nc7+ $1 Ke7 $1 39. Rxf6 Kxf6 40. Nxa6 Nd6 41. Nb4 Ba7 42. Bc2 Bc5 43. Ke2 Ba7 44. Bd3 Bc5 (44... Ke6 $142 45. g3 fxg3 46. fxg3 Bb6) 45. Nd5+ $16 Ke5 46. Nc7 Bb6 47. Nxb5 Nxb5 48. Bxb5 Ba5 49. c4 Bb6 50. Kf3 Kf5 51. Bd7+ Ke5 52. Kg4 Bxf2 53. Kh5 Kd4 $2 (53... Kf6 $16 54. Kxh6 Bc5) 54. Kxh6 $18 Be3 55. Bg4 (55. Kxg5 $2 {ist das falsche Schlagen.} f3+ (55... Kxc4 $2 56. Kf5 $18) 56. Kf6 f2 $19 (56... Kxc4 $2 57. gxf3 Bf2 58. f4 $18) (56... fxg2 $2 57. c5 $19)) 55... f3 56. gxf3 (56. Bxf3 Kxc4 (56... g4+ $2 57. Kg6 $18) 57. Kg6 Bf4 $18) 56... Kxc4 57. Kh5 Kd5 58. h4 gxh4 59. Kxh4 Ke5 60. Bd7 Kf4 {[%emt 0:02:39] [#]} 61. Bc6 $1 Bd2 62. Kh5 Kf5 63. Be4+ Kf4 64. Kg6 Ke5 65. Kf7 Bg5 66. a4 1-0

[Event "Fagernes Chess GM-Swiss 2024"]
[Site "Fagernes"]
[Date "2024.03.28"]
[Round "6.2"]
[White "Blomqvist, Erik"]
[Black "Gorshtein, Ido"]
[Result "1/2-1/2"]
[ECO "B12"]
[WhiteElo "2511"]
[BlackElo "2539"]
[Annotator "TA"]
[PlyCount "68"]
[EventDate "2024.03.25"]
[EventType "swiss"]
[EventCountry "NOR"]
[SourceTitle "playchess.com"]
[Source "ChessBase"]
[SourceQuality "1"]
[TimeControl "40/6000+30:2400+30"]

1. e4 c6 2. d4 d5 3. e5 Bf5 4. h4 h5 5. Bd3 Bxd3 6. Qxd3 {[%emt 0:00:07][%cal Oe5e6] aiming for e6!} Qa5+ 7. b4 Qa6 8. Qd1 {[%emt 0:01:00][%cal Oe5e6] White has an edge.} e6 9. c3 Qb6 10. a4 a5 11. bxa5 Qxa5 12. Ne2 Nd7 13. O-O Ne7 14. Bg5 b5 15. Nd2 {[%emt 0:14:36] [#] Hoping for axb5.} bxa4 16. Qc2 Qa6 17. c4 Nf5 18. Rfb1 {[%emt 0:12:28][%cal Bf1b1,Bb1b4,Bb4a4][%mdl 32] Against Bb4} Be7 19. Bxe7 Nxe7 20. Ra3 O-O 21. Rb4 Rfb8 22. Rbxa4 ({Much weaker is} 22. Raxa4 Rxb4 23. Rxa6 Rxa6 24. cxd5 cxd5 $17) 22... Qb7 23. c5 Nf5 24. g3 Nf8 25. Kg2 (25. Kf1 $5) 25... Ng6 26. Rxa8 (26. Rb3 $5 Qc8 27. Rxa8 Rxa8 28. Qb2 $17) 26... Rxa8 {[%emt 0:00:03] The position is equal.} 27. Qb1 Qc8 28. Rb3 Qa6 29. Qd1 Nge7 30. Nf3 g6 31. Nf4 Qa2 32. Qd3 Kg7 33. Qc3 Ra4 34. Qb2 Qxb2 {[%emt 0:01:33] An interesting draw.   Weighted Error Value: White=0.05 (flawless) /Black=0.05 (flawless) .  Inaccurate:     	White=1     	Black=3      OK:         	White=12    	Black=16     Best:        	White=1     	Black=2} 1/2-1/2

[Event "Fagernes Chess GM-Swiss 2024"]
[Site "Fagernes"]
[Date "2024.03.28"]
[Round "6.3"]
[White "Urkedal, Frode Olav Olsen"]
[Black "Sidhant, Mohapatra"]
[Result "1-0"]
[ECO "D19"]
[WhiteElo "2536"]
[BlackElo "2379"]
[Annotator "TA"]
[PlyCount "79"]
[EventDate "2024.03.25"]
[EventType "swiss"]
[EventCountry "NOR"]
[SourceTitle "playchess.com"]
[Source "ChessBase"]
[SourceQuality "1"]
[TimeControl "40/6000+30:2400+30"]

1. d4 d5 2. c4 c6 3. Nf3 Nf6 4. Nc3 dxc4 5. a4 Bf5 6. e3 e6 7. Bxc4 Bb4 8. O-O O-O 9. Qe2 Bg6 10. Ne5 Nbd7 11. Nxg6 hxg6 12. Rd1 Qc7 13. Bd2 a5 14. Rac1 Rad8 15. Ba2 {[%emt 0:01:21] Die Stellung ist ausgeglichen.} Nb6 16. h3 e5 17. dxe5 Qxe5 18. Be1 Nbd5 19. Nxd5 Nxd5 20. Bxd5 Rxd5 21. Rxd5 Qxd5 22. Bxb4 axb4 $11 {[%emt 0:00:06][%mdl 4096] Endspiel. KQR-KQR} 23. Rc4 Qa5 24. Qc2 Rd8 25. b3 Rd6 {[%emt 0:01:17] Jetzt gehts bergab für Schwarz.} (25... Qb6 $14) 26. Qe4 $16 Qd8 {[%emt 0:15:02] Verhindert Qe8+.} 27. Rxb4 Rd1+ 28. Kh2 Qd6+ (28... Rd7 $16 29. g3 Qe7 30. Qxe7 Rxe7) 29. g3 $18 Qd7 {[%emt 0:03:05] [#]} 30. Qg4 $1 Qxg4 31. hxg4 {[%emt 0:00:13] KR-KR} ({Keinesfalls} 31. Rxg4 $6 c5 $16) 31... Rd7 32. Rd4 Rc7 33. Rd8+ Kh7 34. g5 f5 $2 {[%emt 0:02:41] [#]} (34... b5 35. axb5 cxb5) 35. Rb8 {[%emt 0:01:36] Weiß steht klar auf Gewinn.} c5 36. a5 Rd7 37. Kg2 Re7 38. Kf1 Rc7 39. Ke1 c4 40. b4 {[%emt 0:03:33] Gewichteter Fehlerwert: Weiß=0.08 (makellos) /Schwarz=0.32.  Fehler:       	---       	Schwarz=3     Ungenau:       	Weiß=2     	Schwarz=4     OK:         	Weiß=9     	Schwarz=5     Bester:       	Weiß=3     	---} 1-0

[Event "Fagernes Chess GM-Swiss 2024"]
[Site "Fagernes"]
[Date "2024.03.28"]
[Round "6.4"]
[White "Ingebretsen, Jens E"]
[Black "Kulaots, Kaido"]
[Result "0-1"]
[ECO "E11"]
[WhiteElo "2402"]
[BlackElo "2534"]
[Annotator "TA"]
[PlyCount "54"]
[EventDate "2024.03.25"]
[EventType "swiss"]
[EventCountry "NOR"]
[SourceTitle "playchess.com"]
[Source "ChessBase"]
[SourceQuality "1"]
[TimeControl "40/6000+30:2400+30"]

1. d4 Nf6 2. c4 e6 3. Nf3 Bb4+ 4. Bd2 a5 5. a3 Bxd2+ 6. Qxd2 O-O 7. Nc3 d5 8. e3 Nbd7 9. Bd3 {[%emt 0:17:48] Weiß hat minimalen Vorteil.} Qe7 10. O-O b6 11. e4 dxe4 12. Nxe4 Bb7 13. Rfe1 Rfd8 14. Qg5 (14. Rad1 $11) 14... h6 (14... Nc5 $5 15. Nxc5 (15. dxc5 Rxd3 16. cxb6 cxb6 $17) 15... bxc5 $15) 15. Qh4 (15. Qg3 $11) 15... Qf8 ({Vorzuziehen ist} 15... Nc5 $1 $15 16. Nxc5 bxc5) 16. Re3 (16. Rad1 $11 {scheint genauer.}) 16... c5 $15 17. Nxf6+ Nxf6 18. dxc5 bxc5 19. Ne5 Rd4 20. Qh3 Rad8 21. Rae1 Qd6 (21... Nd7 {vereinfacht} 22. Nxd7 R8xd7 23. a4 Qb8) 22. Rg3 {[%emt 0:09:44] [#]} (22. a4 $15) 22... Kf8 (22... Ne4 $142 $1 23. Qh5 Qc7 24. Bxe4 Rxe4 (24... Bxe4 25. h3 $15) 25. Rxe4 Bxe4) 23. Ree3 {[%emt 0:02:10][%mdl 8192] Davon erholt Weiß sich nicht mehr.} (23. Rge3 $17 {ist zäher.}) 23... Be4 24. f4 Qb6 25. Qh4 $2 (25. Re1) 25... Qxb2 $19 {[%emt 0:07:09] Und ...Bxd3 würde nun gewinnen.} 26. Rxg7 Kxg7 {[%emt 0:00:20][%csl Ge4][%cal Rb2g2] [#]} 27. Rh3 Qxg2# {[%emt 0:00:17] Gewichteter Fehlerwert: Weiß=1.24/Schwarz=0.25 (präzise) .  Verlustzug:     	Weiß=1     	---        Fehler:       	Weiß=5     	Schwarz=2     Ungenau:       	Weiß=2     	Schwarz=3     OK:         	Weiß=6     	Schwarz=10    Bester:       	---       	Schwarz=1} 0-1

[Event "Fagernes Chess GM-Swiss 2024"]
[Site "Fagernes"]
[Date "2024.03.28"]
[Round "6.5"]
[White "Puranik, Abhimanyu"]
[Black "Sokolovsky, Yahli"]
[Result "1/2-1/2"]
[ECO "A85"]
[WhiteElo "2618"]
[BlackElo "2475"]
[Annotator "TA"]
[PlyCount "99"]
[EventDate "2024.03.25"]
[EventType "swiss"]
[EventCountry "NOR"]
[SourceTitle "playchess.com"]
[Source "ChessBase"]
[SourceQuality "1"]
[TimeControl "40/6000+30:2400+30"]

1. Nf3 Nf6 2. c4 e6 3. Nc3 d5 4. d4 c6 5. e3 Ne4 6. Qc2 f5 7. Be2 Nd7 8. O-O Bd6 9. c5 Bb8 10. b4 Qc7 11. g3 Nxc3 12. Qxc3 Nf6 13. Qc2 Bd7 14. Rb1 O-O 15. Ne5 a6 16. Bd2 Qd8 17. f3 Be8 18. a4 Nd7 19. Bc3 {[%emt 0:01:39] White has more active pieces. The black rooks are passive.} Qg5 20. Qd2 h5 21. Rf2 Qf6 22. Qb2 Qg5 23. Rbf1 Bc7 (23... Qxe3 $2 24. Nxd7 (24. Bd2 Qxe5 25. dxe5 Bxe5 $18) 24... Qg5 (24... Bxd7 $2 25. Bd2 $18) 25. Bd2 $18 (25. Nxf8 Kxf8 26. Kh1 Qf6 $18)) 24. Bd2 ({White should play} 24. f4 $16 Qe7 25. Be1 Nxe5 26. fxe5 (26. dxe5 a5 $11)) 24... Qe7 (24... Nxe5 $11 25. dxe5 a5) 25. Rc1 (25. f4 $14) 25... Qf6 (25... h4 $11) 26. Bc3 Qg5 27. Bf1 (27. f4 $16 Qh6 28. Bd3) 27... h4 (27... Qxe3 $2 {perishes.} 28. Nxd7 (28. Bd2 Qxf2+ 29. Kxf2 Nxe5 $18) 28... Qg5 (28... Bxd7 $2 29. Bd2 $18) 29. Bd2 $18 (29. Nxf8 Kxf8 30. Bd2 Qg6 $18)) 28. f4 Qe7 29. Nxd7 Bxd7 30. Rg2 hxg3 31. Rxg3 Kf7 32. Rc2 Rh8 33. Rcg2 Rh7 34. Be2 Rg8 35. Be1 g6 36. Bf3 Qe8 {[%emt 0:00:55] [#]} 37. h4 $1 Rxh4 {[%emt 0:04:16] [#]} 38. Rxg6 $1 Rxg6 39. Bxh4 Rh6 {[%emt 0:01:56] Wards off Bh5+} 40. Bg5 Rh3 41. Rh2 Qh8 (41... Rxf3 $2 {loses.} 42. Qg2 $18) 42. a5 Kg6 43. Qg2 {[%emt 0:19:27] The board is on fire.} Rxh2 44. Qxh2 Qxh2+ 45. Kxh2 $11 {[%emt 0:00:04] KBB-KBB} e5 46. Kg3 exd4 47. exd4 Be8 48. Kh4 {[%emt 0:00:08] White threatens Bh5+ and mate.} Kg7 49. Bh5 Bg6 50. Bxg6 {[%emt 0:00:49] Weighted Error Value: White=0.16 (very precise) /Black=0.16 (very precise) .  Mistake:       	White=3     	Black=2      Inaccurate:     	White=7     	Black=8      OK:         	White=10    	Black=13     Best:        	White=1     	Black=1      Brilliant:      	White=1     	---} 1/2-1/2

[Event "Fagernes Chess GM-Swiss 2024"]
[Site "Fagernes"]
[Date "2024.03.28"]
[Round "6.6"]
[White "Sasikiran, Krishnan"]
[Black "Willow, Jonah B"]
[Result "1-0"]
[ECO "E48"]
[WhiteElo "2578"]
[BlackElo "2446"]
[Annotator "TA"]
[PlyCount "175"]
[EventDate "2024.03.25"]
[EventType "swiss"]
[EventCountry "NOR"]
[SourceTitle "playchess.com"]
[Source "ChessBase"]
[SourceQuality "1"]
[TimeControl "40/6000+30:2400+30"]

1. d4 Nf6 2. c4 e6 3. Nc3 Bb4 4. e3 O-O 5. Bd3 c5 6. Nge2 cxd4 7. exd4 d5 8. cxd5 Nxd5 9. O-O Re8 10. Qc2 g6 11. Bh6 Nc6 {[%emt 0:08:44] Die Stellung ist ausgeglichen.} 12. Rad1 (12. Rfe1 {scheint wilder zu sein.} Qh4 13. Qd2 Be7 14. g3) 12... Bf8 13. Qc1 Nxc3 14. bxc3 (14. Nxc3 {vereinfacht} Ne7 15. Bxf8 Rxf8 16. Be4) 14... b6 (14... Bd7 {vereinfacht} 15. Bxf8 Rxf8 16. Rfe1 Rc8) 15. Ng3 Be7 (15... Na5 $14) 16. Qf4 Qd6 17. Qf3 Bb7 18. Ne4 Qd8 19. Qf4 {[%emt 0:09:09] Weiß hat aktiveres Spiel.} (19. Qg3 $1 $16) 19... Na5 $2 (19... f5 $11) 20. Qe5 $1 $18 f6 21. Qxe6+ Kh8 22. Qf7 Rg8 {[%emt 0:00:04] Lässt Qg7+ nicht zu} 23. c4 $40 {[%emt 0:07:09][%mdl 128] Pariert Bd5. Weiss hat was vor.} ({Vorzuziehen ist} 23. Rfe1 $18 {[%cal Oe4g5] Droht Matt per Ng5!} Bd5 24. Ng5 fxg5 25. Qxe7 Qxe7 26. Rxe7) 23... Nc6 $2 (23... f5 $1 $14) 24. Rfe1 (24. d5 $2 Ne5 25. Qe6 Bc8 $19) 24... Rc8 $2 (24... f5 25. Nc3 Qe8) 25. d5 (25. c5 $142 {[%cal Oe4d6] Nd6! ist eine echte Drohung.} Rc7 26. Bc4) 25... Ne5 {[%emt 0:01:07] [#]} 26. Ng5 fxg5 27. Rxe5 Rc7 28. Qf3 b5 $2 (28... Bf6) 29. Rde1 {[%emt 0:01:14][%cal Oe5e7] Rxe7! wäre nun fies.} Bf6 30. Re6 bxc4 (30... Bg7 $142) 31. Be4 (31. Qxf6+ Qxf6 32. Rxf6 cxd3 33. Bxg5 (33. Rd6 $2 d2 $19) 33... Rd7 $16) 31... Rf7 32. Bxg5 (32. d6 $142 g4 33. Qf4 (33. Qxg4 Bc8 $18)) 32... Rgf8 33. Rxf6 Rxf6 34. Qc3 Qb6 (34... Kg8 $142 35. Rd1 (35. Bxf6 Qxf6 36. Qxf6 Rxf6 $18) (35. Qxc4 Qa5 $16) 35... Ba6) 35. Bf3 {[%emt 0:03:13] Ein starkes Läuferpaar.} (35. Bxf6+ Qxf6 36. Qxf6+ (36. Qxc4 $2 Qxf2+ 37. Kh1 Qxe1+) 36... Rxf6 $18) 35... Ba6 $2 (35... Kg8 36. Bxf6 (36. Qxc4 Qa5 $18) 36... Qxf6 37. Qxf6 (37. Qxc4 Ba6 $18) 37... Rxf6) 36. h4 Kg8 37. Bxf6 Qxf6 38. Qa3 {[%emt 0:00:36] Schwarz muss nun d6 beachten.} Bc8 39. Qxa7 {[%emt 0:00:36][%cal Od5d6] Droht d6! und aus.} Qxh4 40. Qe7 (40. Re4 $18 {und Weiss behält klar die Oberhand.} Qf6 41. Rxc4) 40... Qxe7 $16 41. Rxe7 {[%emt 0:40:06][%mdl 4096] Endspiel. KRB-KRB} Rf7 42. Re8+ Rf8 43. Re3 Rd8 (43... Bd7 $16 {ist eine bessere Verteidigung.}) 44. Be2 $18 Ba6 45. Ra3 Rd6 46. f4 Kg7 (46... c3 $16 {war einen Versuch wert.}) 47. Kf2 Kf6 48. Ra5 g5 (48... c3 $16 {ist wohl besser.}) 49. Ke3 gxf4+ 50. Kxf4 c3 51. Bxa6 {[%emt 0:00:00] KRB-KR} (51. Rxa6 Rxa6 52. Ke3 (52. Bxa6 $2 c2 $19) 52... Rxa2 $19) 51... c2 {[%emt 0:00:00] [#]} 52. Rc5 $1 Rxa6 53. Rxc2 {[%emt 0:00:00] Droht stark Rc6+. KR-KR} Ra4+ 54. Ke3 $2 ({Besser ist} 54. Kf3 $18) 54... Ke5 $11 55. Rd2 {[%emt 0:00:00] Zielt auf d6 ab.} Kd6 $2 (55... Ra3+ $1 $11 56. Kf2 Kd6) 56. Kf3 $18 h5 57. Kg3 Rg4+ 58. Kh3 $1 Rc4 59. Rd3 Ra4 (59... Re4 $16 {war angesagt.}) 60. a3 Rc4 61. Kh2 $1 {[%emt 0:00:36] Und Rh3 würde nun gewinnen.} Ra4 (61... Re4 $16 62. Rb3 Rd4) 62. Rh3 $1 h4 $2 (62... Kxd5 {ist zäher.} 63. Rxh5+ Ke6) 63. Rd3 Rc4 64. Kh3 Ra4 65. Rd2 Rc4 66. Rd1 Re4 67. Rd2 Rc4 $1 68. Rb2 Kxd5 69. Rb4 Rc3+ (69... Rc2 $142 70. a4 (70. Rxh4 Rc3+ 71. g3 Rxa3 $18) 70... Ke5) 70. Kxh4 Rxa3 71. g4 Ke5 72. Rb6 Ra8 73. Kg5 Rh8 74. Rh6 Ra8 75. Rg6 Ra1 76. Rg8 Ke6 77. Kg6 Ke7 {[%emt 0:00:05] [#]} 78. g5 $1 {[%emt 0:00:50][%cal Bg4g5,Bg5g6][%mdl 32] Beabsichtigt Kg7 und Matt.} Rg1 {[%emt 0:00:51] [#]} 79. Kh7 $1 {[%emt 0:01:06] Weiss droht g6 und Matt.} Rh1+ $2 (79... Rg4 $16 80. g6 Rh4+ 81. Kg7 Rh2) 80. Kg7 {[%emt 0:00:08] Weiß setzt Matt.} Rg1 81. g6 Rg2 82. Ra8 Rg1 83. Ra2 Re1 84. Rf2 Re3 85. Kh7 Rh3+ 86. Kg8 Rg3 87. g7 Re3 88. Rh2 {[%emt 0:00:34] Gewichteter Fehlerwert: Weiß=0.49/Schwarz=0.51.  Verlustzug:     	---       	Schwarz=4     Gewinn verpasst:   	Weiß=3     	---        Fehler:       	Weiß=3     	Schwarz=13    Ungenau:       	Weiß=3     	Schwarz=2     OK:         	Weiß=19    	Schwarz=15    Bester:       	Weiß=10    	Schwarz=11    Stark:        	Weiß=4     	Schwarz=1} 1-0

[Event "Fagernes Chess GM-Swiss 2024"]
[Site "Fagernes"]
[Date "2024.03.28"]
[Round "6.7"]
[White "Amar, Elham"]
[Black "Trost, Edvin"]
[Result "1/2-1/2"]
[ECO "B30"]
[WhiteElo "2567"]
[BlackElo "2432"]
[Annotator "RC"]
[PlyCount "108"]
[EventDate "2024.03.25"]
[EventType "swiss"]
[EventCountry "NOR"]
[SourceTitle "playchess.com"]
[Source "ChessBase"]
[SourceQuality "1"]
[TimeControl "40/6000+30:2400+30"]

1. e4 c5 2. Nf3 Nc6 3. Nc3 e5 4. Bc4 Be7 5. d3 d6 6. a4 h6 7. Nd2 Nf6 8. Nf1 Bg4 9. f3 Be6 10. Ne3 Nb4 11. O-O O-O 12. Qe2 Re8 13. Bd2 Bf8 14. Rfe1 d5 15. exd5 Nfxd5 16. Nexd5 Nxd5 17. Nxd5 Bxd5 18. Bc3 Qd7 19. Qf2 f6 20. Bb5 Bc6 21. Bxc6 Qxc6 22. Qh4 Qd5 23. Re2 b6 24. Rae1 Red8 25. f4 c4 26. fxe5 cxd3 27. cxd3 fxe5 28. Rxe5 Qxd3 29. Qg4 Qd7 30. Rf5 Kh7 31. Qe4 Qd3 32. Qxd3 Rxd3 33. Rf7 Bc5+ 34. Kf1 Bd4 35. Bxd4 Rxd4 36. Ree7 Rg8 37. Rxa7 Rb4 38. Rf2 Rc8 39. g3 Rc5 40. Kg2 Ra5 41. Rxa5 bxa5 42. b3 Rxb3 43. Rf5 Rb2+ 44. Kh3 Kg6 45. Rxa5 h5 46. Rb5 Ra2 47. a5 Kh6 48. Rb6+ g6 49. Ra6 Kg5 50. Ra8 Ra3 51. a6 h4 52. Kg2 hxg3 53. h3 Kh6 54. Ra7 g5 1/2-1/2